 Dungeon Crawl Stone Soup version 0.27.1-4-g1640c2035a (webtiles) character file.

Game seed: 14227076556313473181

75 BinkBink the Sneak (level 4, -7/21 HPs)
             Began as a Spriggan Enchanter on Nov 3, 2021.
             Killed from afar by Ijyb (14 damage)
             ... with an iceblast
             ... on level 3 of the Dungeon.
             The game lasted 00:14:31 (4221 turns).

BinkBink the Sneak (Spriggan Enchanter)             Turns: 4221, Time: 00:14:32

Health: -7/21      AC:  2    Str:  4    XL:     4   Next: 11%
Magic:  9/9        EV: 21    Int: 17    God:
Gold:   122        SH:  0    Dex: 15    Spells: 8/9 levels left

rFire    . . .     SeeInvis +   e - +0 arbalest
rCold    . . .     Faith    .   (shield currently unavailable)
rNeg     . . .     Spirit   .   b - +0 robe
rPois    .         Reflect  .   (helmet restricted)
rElec    .         Harm     .   (no cloak)
rCorr    .         Rampage  .   (gloves unavailable)
Will     .....                  (boots unavailable)
Stlth    +++.......             (no amulet)
HPRegen  0.07/turn              p - +4 ring of evasion
MPRegen  0.11/turn              (no ring)

@: very quick
A: very small, no large weapons, unfitting armour, see invisible, speed 3
a: no special abilities


You were on level 3 of the Dungeon.
You visited 1 branch of the dungeon, and saw 3 of its levels.

You collected 142 gold pieces.
You spent 20 gold pieces at shops.

Inventory:

Hand Weapons
 a - a +1 dagger
 e - a +0 arbalest (weapon)
 i - a +1 dagger of freezing
Missiles
 d - 16 bolts (quivered ammo)
Armour
 b - a +0 robe (worn)
Jewellery
 p - a +4 ring of evasion (left hand)
Scrolls
 c - a scroll of magic mapping
 f - a scroll of amnesia {unknown}
 h - a scroll of identify
 j - a scroll of enchant weapon {unknown}
 k - a scroll of teleportation {unknown}
 n - a scroll of enchant armour {unknown}
Potions
 g - a potion of heal wounds {unknown}
 l - 2 potions of flight {unknown}
 m - a potion of curing {unknown}
 o - a potion of brilliance {unknown}


   Skills:
 - Level 1.2 Short Blades
 * Level 1.8 Crossbows
 + Level 3.1 Dodging
 + Level 5.2 Stealth
 + Level 3.2 Spellcasting
 + Level 4.3 Hexes


You had 8 spell levels left.
You knew the following spells:

 Your Spells              Type           Power      Damage    Failure   Level
a - Corona                Hex            18%        N/A       3%          1

Your spell library contained the following spells:

 Spells                   Type           Power      Damage    Failure   Level
 Confusing Touch          Hex            17%        N/A       9%          3
 Tukima's Dance           Hex            17%        N/A       9%          3
 Ensorcelled Hibernation  Hex/Ice        20%        N/A       11%         2
 Dazzling Flash           Conj/Hex       20%        N/A       22%         3
 Passage of Golubria      Tloc           N/A        N/A       86%         4
 Yara's Violent Unravell  Hex/Tmut       5%         3d4       89%         5


Dungeon Overview and Level Annotations

Branches:
Dungeon (3/15)

Altars:
Cheibriados
Elyvilon
Okawaru

Shops:
D:2 *

Annotations:
D:3 Ijyb


Innate Abilities, Weirdness & Mutations

You are very small and have problems with some larger weapons.
You are too small for most types of armour.
You have supernaturally acute eyesight. (SInv)
You cover ground extremely quickly. (Speed+++)


Message History

You barely miss the ball python. The ball python misses you. x2
You barely miss the ball python. The ball python misses you.
The ball python closely misses you.
You hit the ball python. You freeze the ball python.
The ball python is severely wounded.
The ball python barely misses you. The ball python misses you.
You hit the ball python.
The ball python seems to slow down.
You freeze the ball python.
You kill the ball python!
Things that are here:
a +0 dagger; a ball python corpse
There is an open door here.
You see here a +0 leather armour.
(D) Dungeon
Where to? (Enter - D:2 @ (x,y), ? - help)
Okay, then.
There are no items here.
Okay, then.
You see here a +0 leather armour.
There is an open door here.
Ijyb is nearby!
Your +1 dagger of freezing stops glowing.
e - a +0 arbalest (weapon)
You see here a +0 dagger.
Found a snail-covered altar of Cheibriados.
Found an iron altar of Okawaru.
There is an iron altar of Okawaru here.
You kneel at the altar of Okawaru.
You open the door.
Done exploring.
Done exploring.
You shoot a bolt. The bolt hits Ijyb.
Ijyb is lightly wounded.
Okay, then.
You shoot a bolt. The bolt closely misses Ijyb.
Ijyb zaps a wand.
The mass of ice explodes!
The iceblast engulfs you!
Ouch! That really hurt!
Ijyb zaps a wand.
The mass of ice explodes!
The iceblast engulfs you!
Ouch! That really hurt!
You die...

....................#..........#
...)..###.....#.###.#.#.###..#.#
......###.......###.#.#....(...#
..)...'..............g....>.#..##
......###...#...###..##.......#.#
####### #.......#........##.###.#
#8## #...##..#.....#.......#..
...8## #...###.#.##..#..#.##.#.#
....#####...###.@.#<.)...#....#.#
....>#.#.........###.##..###....#
....##.............[..#......####
...8####..........#..##..##..####
#8# #........................# #
#..............#.#######.#
#.........#.#.##.####....#
#.............##.##.....##
####.............#..#.......#


You could see Ijyb.

Vanquished Creatures
  An adder (D:2)
  2 dart slugs
  3 orcs (D:3)
  3 bats
  3 endoplasms
  2 giant cockroaches
  8 goblins
  7 hobgoblins
  3 jackals (D:2)
  4 quokkas
  2 ball pythons
  2 frilled lizards (D:3)
  8 kobolds
  5 rats
53 creatures vanquished.

Vanquished Creatures (others)
  2 plants (D:3)
2 creatures vanquished.

Grand Total: 55 creatures vanquished

Notes
Turn   | Place    | Note
-------+----------+-------------------------------------------
     0 | D:1      | BinkBink the Spriggan Enchanter began the quest for the
                  | Orb.
     0 | D:1      | Reached XP level 1. HP: 9/9 MP: 5/5
   714 | D:1      | Reached XP level 2. HP: 13/13 MP: 2/7
  1316 | D:2      | Found a faded altar of an unknown god.
  1622 | D:2      | Found Liba's General Store.
  1685 | D:2      | Bought a scroll of identify for 20 gold pieces
  2164 | D:2      | Reached XP level 3. HP: 16/16 MP: 8/8
  2172 | D:2      | Reached skill level 1 in Crossbows
  2627 | D:3      | Noticed Ijyb
  2674 | D:2      | Reached skill level 5 in Stealth
  3313 | D:3      | Found a white marble altar of Elyvilon.
  3848 | D:3      | Reached XP level 4. HP: 21/21 MP: 9/9
  4125 | D:3      | Found a snail-covered altar of Cheibriados.
  4154 | D:3      | Found an iron altar of Okawaru.
  4221 | D:3      | Killed from afar by Ijyb

Illustrated notes

Levels and vault maps discovered:
D:1:      matt_arrival_refuge, layout_loops_corners
D:2:      layout_rooms, serial_shops, nicolae_diamond_shop,
          basic_ecumenical_altar, kennysheep_generic_room_6
D:3:      corexii_shack_village, layout_basic, nicolae_overflow_hidden_temple,
          elyvilon_altar_3, okawaru_trees_1, uniq_ijyb

Skill      XL: |  1  2  3 |
---------------+----------+-----
Hexes          | 4 |  4.3
Spellcasting   | 3 |  3.2
Crossbows      | 1 |  1.8
Dodging        | 3 |  3.1
Stealth        | 5 |  5.2
Short Blades   | |  1.2

Action                   |  1- 3 |  4- 6 || total
-------------------------+-------+-------++-------
Melee: Dagger            |    66 |    18 ||    84
 Fire: Arbalest          |    49 |     2 ||    51
 Cast: Corona            |    14 |     8 ||    22
  Use: Scroll            |     1 |       ||     1
 Stab: Sleeping          |    11 |       ||    11
Armor: Robe              |     6 |       ||     6
Dodge: Dodged            |    77 |    20 ||    97
